 Dungeon Crawl Stone Soup version 0.28.0-53-g5a82cb258f (webtiles) character file.

Game seed: 10960328311047083036

293974 Ashen the Gelid (level 20, -5/210 HPs)
             Began as an Ogre Ice Elementalist on July 1, 2022.
             Was the Champion of Vehumet.
             Killed from afar by a deep elf annihilator (61 damage)
             ... with an iron shot
             ... on level 3 of the Elven Halls on July 9, 2022.
             The game lasted 03:15:18 (60634 turns).

Ashen the Gelid (Ogre Ice Elementalist)            Turns: 60634, Time: 03:15:34

Health: -5/210     AC: 10    Str: 17    XL:     20   Next: 84%
Magic:  4/39       EV: 17    Int: 31    God:    Vehumet [******]
Gold:   2161       SH:  0    Dex:  9    Spells: 2/49 levels left

rFire   . . .      SeeInvis +   O - +6 giant spiked club (spect)
rCold   . . .      Faith    .   (shield currently unavailable)
rNeg    . . .      Spirit   .   N - +3 troll leather armour
rPois   +          Reflect  .   G - +2 hat {Int+3}
rElec   .          Harm     .   (no cloak)
rCorr   .          Rampage  .   (gloves unavailable)
Will    ++...                   (boots unavailable)
Stlth   ++++......              u - amulet of regeneration
HPRegen 2.05/turn               f - ring of Uduphymmer {EV+4 Int+6}
MPRegen 0.26/turn               q - ring "Zuta" {rPois Slay+2 SInv}

@: unable to drink
A: large, unfitting armour, tough skin 1
}: 2/15 runes: barnacled, gossamer
a: Renounce Religion


You were on level 3 of the Elven Halls.
You worshipped Vehumet.
Vehumet was exalted by your worship.
You visited 8 branches of the dungeon, and saw 37 of its levels.
You visited the Abyss 3 times.
You also visited: Sewer and Volcano.

You collected 5381 gold pieces.
You spent 3220 gold pieces at shops.

Inventory:

Hand Weapons
 k - a +0 demon whip of draining
 m - a +1 eveningstar of freezing
 O - a +6 spectral giant spiked club (weapon)
 V - a +0 vorpal giant spiked club
 Y - the +9 heavy crossbow "Sniper" {vorpal, Acc+∞ SInv}
   (You found it on level 4 of the Shoals)

   Any ammunition fired from it inflicts extra damage upon your enemies.
   Any ammunition fired from it never misses its target.
   SInv:      It lets you see invisible.
Missiles
 j - 11 throwing nets
Armour
 a - a +2 robe of willpower
 B - the +3 robe of Clouds {*Thunder rCloud rElec}
   (You found it on level 5 of the Dungeon)

   It occasionally creates storm clouds above nearby enemies.
   It grants its wearer immunity to clouds.
   rElec:     It insulates you from electricity.
 G - a +2 hat of intelligence (worn)
 N - a +3 troll leather armour (worn)
Jewellery
 d - a ring of ice
 f - the ring of Uduphymmer (left hand) {EV+4 Int+6}
   (You took it off a deep elf pyromancer on level 9 of the Dungeon)

   [ring of evasion]

   EV:        It affects your evasion (+4).
   Int:       It affects your intelligence (+6).
 h - an amulet of the acrobat
 q - the ring "Zuta" (right hand) {rPois Slay+2 SInv}
   (You found it on level 9 of the Dungeon)

   [ring of poison resistance]

   Slay:      It affects your accuracy & damage with ranged weapons and melee
   (+2).
   rPois:     It protects you from poison.
   SInv:      It lets you see invisible.
 t - a ring of resist corrosion
 u - an amulet of regeneration (around neck)
 E - a ring of protection from fire
 I - an amulet of reflection
 T - a ring of magical power
 Z - a ring of wizardry
Wands
 e - a wand of iceblast (18)
 l - a wand of mindburst (49)
 z - a wand of flame (57)
 C - a wand of charming (4)
 S - a wand of digging (9)
 U - a wand of paralysis (16)
Scrolls
 c - 6 scrolls of fog
 o - a scroll of acquirement
 s - 7 scrolls of amnesia
 v - 5 scrolls of holy word
 x - 10 scrolls of teleportation
 y - 5 scrolls of fear
 D - 2 scrolls of blinking
 H - 2 scrolls of summoning
 L - 7 scrolls of immolation
 M - a scroll of silence
 P - 27 scrolls of identify
 R - 4 scrolls of magic mapping
 W - 4 scrolls of vulnerability
Potions
 b - 5 potions of attraction
 g - 5 potions of resistance
 i - 8 potions of mutation
 n - 10 potions of lignification
 p - 18 potions of curing
 r - 10 potions of flight
 w - 2 potions of berserk rage
 A - 7 potions of invisibility
 F - 6 potions of cancellation
 J - 7 potions of brilliance
 K - 8 potions of haste
 Q - 7 potions of might
 X - 6 potions of ambrosia


   Skills:
 - Level 15.0 Fighting
 - Level 10.0 Maces & Flails
 + Level 13.7 Dodging
 - Level 10.0 Stealth
 - Level 15.0 Spellcasting
 - Level 10.0 Conjurations
 * Level 19.5 Ice Magic
 - Level 10.0 Air Magic


You had 2 spell levels left.
You knew the following spells:

 Your Spells              Type           Power      Damage    Failure   Level
a - Freeze                Ice            100%       1d11      0%          1
b - Frozen Ramparts       Ice            100%       1d12      0%          3
c - Ozocubu's Armour      Ice            97%        N/A       0%          3
d - Hailstorm             Conj/Ice       86%        3d17      1%          4
e - Ozocubu's Refrigerat  Ice            48%        4d14      1%          7
f - Freezing Cloud        Conj/Ice/Air   40%        6-21      1%          5
g - Conjure Ball Lightni  Conj/Air       35%        3x3d11    1%          6
h - Summon Ice Beast      Ice/Summ       71%        N/A       1%          4
i - Fireball              Conj/Fire      26%        3d12      2%          5
j - Polar Vortex          Ice            48%        N/A       21%         9

Your spell library contained the following spells:

 Spells                   Type           Power      Damage    Failure   Level
 Maxwell's Capacitive Co  Air            35%        ∞         52%         8
 Chain Lightning          Conj/Air       35%        3d47      100%        9
 Fire Storm               Conj/Fire      26%        8d7       100%        9
 Foxfire                  Conj/Fire      100%       2x1d9     1%          1
 Magic Dart               Conj           100%       1d8       1%          1
 Corpse Rot               Necr/Air       100%       N/A       1%          2
 Ensorcelled Hibernation  Hex/Ice        100%       N/A       1%          2
 Poisonous Vapours        Pois/Air       100%       N/A       1%          2
 Searing Ray              Conj           100%       2d8       1%          2
 Sting                    Tmut/Pois      92%        1d7       2%          1
 Sublimation of Blood     Necr           23%        N/A       3%          2
 Wereblood                Tmut           23%        N/A       3%          2
 Conjure Flame            Conj/Fire      53%        6-21      1%          3
 Ignite Poison            Fire/Tmut/Pois 23%        N/A       1%          3
 Inner Flame              Hex/Fire       23%        N/A       1%          3
 Stone Arrow              Conj/Erth      100%       3d13      1%          3
 Flame Wave               Conj/Fire      53%        2d11      1%          4
 Fulminant Prism          Conj/Hex       26%        3d14      1%          4
 Ice Form                 Ice/Tmut       71%        N/A       1%          4
 Metabolic Englaciation   Hex/Ice        35%        N/A       1%          5
 Confusing Touch          Hex            23%        N/A       7%          3
 Gell's Gravitas          Tloc           23%        N/A       7%          3
 Spider Form              Tmut/Pois      23%        N/A       7%          3
 Tukima's Dance           Hex            23%        N/A       7%          3
 Olgreb's Toxic Radiance  Pois           23%        N/A       7%          4
 Simulacrum               Ice/Necr       35%        N/A       7%          6
 Yara's Violent Unravell  Hex/Tmut       11%        3d6       17%         5
 Anguish                  Hex/Necr       11%        N/A       24%         4
 Animate Armour           Summ/Erth      46%        N/A       24%         4
 Dispel Undead            Necr           23%        3d12      24%         4
 Alistair's Intoxication  Tmut/Pois      15%        N/A       54%         5
 Death Channel            Necr           11%        N/A       98%         6
 Dispersal                Tloc           11%        N/A       98%         6
 Lehudib's Crystal Spear  Conj/Erth      26%        10d7      99%         8
 Enfeeble                 Hex            11%        N/A       100%        7
 Malign Gateway           Summ/Tloc      11%        N/A       100%        7
 Summon Hydra             Summ           11%        N/A       100%        7
 Disjunction              Tloc           11%        N/A       100%        8
 Ignition                 Fire           11%        3d5       100%        8


Dungeon Overview and Level Annotations

Branches:
Dungeon (15/15)            Temple (1/1) D:6            Lair (6/6) D:10
 Shoals (4/4) Lair:2       Spider (4/4) Lair:2        Slime (0/5) Lair:6
    Orc (2/2) D:10            Elf (3/3) Orc:2        Vaults (0/5) D:13
 Depths (2/4) D:15          Sewer (visited)         Volcano (visited)

Altars:
Ashenzari
Cheibriados
Dithmenos
Elyvilon
Fedhas
Gozag
Hepliaklqana
Kikubaaqudgha
Makhleb
Nemelex Xobeh
Okawaru
Qazlal
Ru
Sif Muna
Trog
Uskayaw
Vehumet
Wu Jian
Xom
Yredelemnul
Zin
The Shining One
Beogh

Shops:
D:6 [   Orc:2 !!   Elf:2 ?

Portals:
Hell: Depths:1

Annotations:
D:11 1 runed translucent door, exclusion: rakshasa
Lair:1 exclusion: 3 oklob plants
Lair:6 5 runed translucent doors, exclusion: fire dragon, funkygono's ghost, journeyman MiBe; shugdite's ghost, journeyman MiFi
Shoals:1 Roxanne
Shoals:4 Polyphemus


Innate Abilities, Weirdness & Mutations

You are too large for most types of armour.
You have tough skin. (AC +1)


Message History

The deep elf death mage is engulfed in freezing vapours.
The deep elf death mage draws life force from you.
* * * LOW HITPOINT WARNING * * *
The deep elf death mage is healed by the life force!
You puncture the deep elf death mage!
The deep elf death mage is severely wounded.
Your +6 spectral giant spiked club hits the deep elf death mage!!
Your +6 spectral giant spiked club is engulfed in freezing vapours. x2
The deep elf death mage is engulfed in freezing vapours.
You kill the deep elf death mage!
Vehumet accepts your kill.
You feel your power returning.
Your +6 spectral giant spiked club is engulfed in freezing vapours.
The deep elf high priest prays to its god.
The deep elf high priest begins emitting a brilliant aura!
Casting: Freezing Cloud (safe; 1% risk of failure)
Confirm with . or Enter, or press ? or * to list all spells.
Casting: Hailstorm (safe; 1% risk of failure)
Press: ? - help, Dir - look around, f - activate
Okay, then.
You cannot drink potions in your current state!
Casting: Hailstorm (safe; 1% risk of failure)
Confirm with . or Enter, or press ? or * to list all spells.
Really refrigerate near your +6 spectral giant spiked club?
The heat is drained from your surroundings.
You feel very cold. The monsters around you are frozen!
The deep elf master archer is moderately wounded.
Your +6 spectral giant spiked club resists.
Your +6 spectral giant spiked club fades away.
The deep elf high priest is severely wounded.
The deep elf annihilator is moderately wounded.
The deep elf annihilator is engulfed in freezing vapours.
Unknown command.
You sock the deep elf annihilator!
The deep elf annihilator is severely wounded.
Your +6 spectral giant spiked club closely misses the deep elf annihilator.
The deep elf annihilator is engulfed in freezing vapours.
The deep elf annihilator casts a spell at you.
The iron shot hits you!!!
You die...

###########....).)#
###.........### #'###
#.............# ##...##
#.............# ##..)..##
##.............###e§.....#
#...............##○......#
.......###.....)§§.......#
......## ##....§e##.....##
.....## ##...(@###)..##
.....# #....)# ##'##
.....## ##.....# ..#
....).## ##.)....# ..#
.......###..).†..# |##
#........:....).##
##......)..)...##
#........)....#
###..)......###


You could see a deep elf master archer, a deep elf annihilator (empowered) and a
friendly +6 spectral giant spiked club (summoned, wandering).

Vanquished Creatures
  Nikola (Elf:1)
  A tentacled monstrosity (Abyss:4)
  2 deep elf master archers (Elf:3)
  A lich (Abyss:2)
  Asterion (Spider:2)
  3 deep elf blademasters
  A tentacled starspawn (Abyss:4)
  Kirke (Spider:1)
  Donald (Shoals:2)
  8 deep elf sorcerers
  A frost giant (D:15)
  2 emperor scorpions
  An orc warlord (Elf:2)
  Louise (Shoals:4)
  2 ghost moths (Spider:3)
  7 deep elf elementalists (Elf:3)
  2 very ugly things (Depths:1)
  8 broodmothers
  A stone giant (Depths:1)
  9 deep elf demonologists
  8 entropy weavers
  6 deep elf annihilators
  5 deep elf death magi
  An ettin (Depths:1)
  4 merfolk javelineers
  3 deep elf high priests (Elf:3)
  5 merfolk impalers
  Josephine (Spider:1)
  2 fire dragons
  Fannar (D:12)
  15 hydras
  4 centaur warriors
  3 catoblepae
  5 boulder beetles
  A radroach (Spider:2)
  An ice dragon (Depths:1)
  An ogre mage (Depths:1)
  4 jorogumos
  3 merfolk avatars
  4 tengu warriors (D:15)
  7 satyrs
  28 dancing weapons
  A death knight (D:13)
  4 merfolk aquamancers (Shoals:1)
  5 death yaks
  10 two-headed ogres
  A deep troll earth mage (Depths:1)
  2 orc high priests
  Urug (Lair:5)
  2 sun demons
  2 wretched stars (Abyss:4)
  19 deep elf knights
  4 sun moths
  3 skeletal warriors (D:14)
  9 sea snakes
  3 deep trolls (Depths:1)
  14 orb spiders
  5 pharaoh ants
  A death drake (Depths:1)
  3 steelbarb worms
  5 starcursed masses
  9 deep elf archers
  2 lindwurms (Lair:6)
  4 wizards
  A mana viper (shapeshifter) (Elf:3)
  10 harpies
  22 deep elf zephyrmancers
  Pikel (D:7)
  9 orc knights
  2 mana vipers (Depths:1)
  A faun (shapeshifter) (Elf:1)
  6 orc sorcerers
  19 wolf spiders
  33 deep elf pyromancers
  21 fauns
  17 ugly things
  12 elephants
  9 black mambas
  7 cyclopes
  18 manticores
  6 merfolk sirens
  A smoke demon (Abyss:4)
  A torpor snail (shapeshifter) (Elf:2)
  A water nymph (shapeshifter) (D:15)
  2 gargoyles
  2 water nymphs (Shoals:4)
  3 molten gargoyles (Lair:6)
  7 torpor snails
  19 cane toads
  An orange demon (Abyss:4)
  2 unseen horrors
  7 demonic crawlers
  2 kobold demonologists
  A rime drake (Lair:4)
  16 komodo dragons
  2 freezing wraiths
  3 efreet
  A red devil (Volcano)
  13 meliai
  29 tarantellas
  7 raiju (Abyss:4)
  28 merfolk
  3 polar bears
  6 trolls
  3 hornets
  4 wind drakes
  Prince Ribbit (D:6)
  4 slime creatures
  4 snapping turtles
  19 dream sheep
  16 blink frogs
  A meliai zombie (D:10)
  26 culicivoras
  29 jumping spiders
  2 shadows
  A ynoxinul (Abyss:4)
  5 water elementals
  61 yaks
  An air elemental (Elf:2)
  6 wraiths
  5 wyverns
  A yak (shapeshifter) (D:15)
  4 fire elementals
  4 hogs (Spider:1)
  6 basilisks
  7 fire bats (Volcano)
  2 neqoxecs (Abyss:4)
  2 large abominations (Abyss:4)
  65 redbacks
  2 small abominations
  5 steam dragons
  3 vampire mosquitoes
  A chaos spawn (Abyss:4)
  3 wargs
  2 acid dragons
  14 water moccasins
  6 hell hounds
  Duvessa (D:6)
  31 orc warriors
  2 sky beasts
  A black bear (Lair:3)
  A necrophage (D:3)
  2 ogres
  6 wolves (Lair:2)
  A lemure (D:7)
  4 centaurs
  A phantom (D:3)
  3 kobold brigands
  2 gnoll sergeants
  13 bullfrogs
  2 earth elementals
  Dowan (D:6)
  A killer bee (D:9)
  5 howler monkeys
  11 wights
  11 electric eels
  11 lava snakes
  A quasit (Abyss:4)
  13 centaur zombies
  6 jellies
  30 orc priests
  A centaur skeleton (D:7)
  A human zombie (D:10)
  2 gnoll shamans
  A bullfrog skeleton (D:5)
  An iguana (D:2)
  Ijyb (D:3)
  36 orc wizards
  Terence (D:2)
  A killer bee zombie (D:6)
  A hound skeleton (D:5)
  2 mummies (D:10)
  4 howler monkey zombies
  11 adders
  13 gnolls
  A river rat (D:5)
  A shadow imp (D:6)
  A white imp (D:6)
  An ufetubus (Abyss:4)
  2 worms
  2 dart slugs (D:1)
  56 orcs
  19 endoplasms
  9 giant cockroaches
  16 goblins
  4 hobgoblins
  7 quokkas
  13 ball pythons
  6 bats
  12 frilled lizards
  25 kobolds
  10 rats
  A ball lightning (D:14)
  A fungus (Lair:6)
  A starspawn tentacle (Abyss:4)
1365 creatures vanquished.

Vanquished Creatures (collateral kills)
  A boulder beetle (Spider:1)
  2 ball lightnings
3 creatures vanquished.

Vanquished Creatures (others)
  A dancing weapon (Elf:1)
  A sun moth (Spider:2)
  A deep elf zephyrmancer (Elf:1)
  An orc (D:10)
  96 ball lightnings
  21 fungi
  284 plants
  A starspawn tentacle (Abyss:4)
406 creatures vanquished.

Grand Total: 1774 creatures vanquished

Notes
Turn   | Place    | Note
-------+----------+-------------------------------------------
     0 | D:1      | Ashen the Ogre Ice Elementalist began the quest for the
                  | Orb.
     0 | D:1      | Reached XP level 1. HP: 16/16 MP: 3/3
   219 | D:1      | Reached XP level 2. HP: 26/26 MP: 3/5
   352 | D:1      | Reached skill level 1 in Fighting
   941 | D:2      | Noticed Terence
   946 | D:2      | Killed Terence
   947 | D:2      | Reached XP level 3. HP: 30/33 MP: 1/7
  1553 | D:2      | Reached XP level 4. HP: 42/42 MP: 5/8
  1885 | D:2      | Learned a level 3 spell: Frozen Ramparts
  1889 | D:2      | Learned a level 3 spell: Ozocubu's Armour
  1905 | D:2      | Reached skill level 4 in Ice Magic
  1918 | D:2      | Reached XP level 5. HP: 24/50 MP: 0/9
  2746 | D:3      | Noticed Ijyb
  2762 | D:3      | Killed Ijyb
  2941 | D:3      | Noticed an ogre
  2964 | D:3      | Killed an ogre
  2965 | D:3      | Reached XP level 6. HP: 46/61 MP: 0/11
  2970 | D:3      | Learned a level 4 spell: Hailstorm
  3120 | D:3      | Noticed a necrophage
  3132 | D:3      | Killed a necrophage
  3683 | D:3      | Reached XP level 7. HP: 49/68 MP: 6/13
  4592 | D:4      | Identified the +3 ring mail of the Eternal Void {Will++
                  | Dex+4}
  4753 | D:5      | Entered Level 5 of the Dungeon
  4758 | D:5      | Found a glowing drain.
  4798 | Sewer    | Entered a sewer
  5345 | Sewer    | Reached skill level 5 in Ice Magic
  5345 | Sewer    | Reached XP level 8. HP: 53/79 MP: 8/15
  5346 | Sewer    | Reached skill level 1 in Maces & Flails
  5611 | D:5      | Found the +3 robe of Clouds {*Thunder rCloud rElec}
  5670 | D:5      | Reached skill level 5 in Fighting
  5740 | D:5      | Noticed a yak
  5755 | D:5      | Killed a yak
  5756 | D:5      | Reached skill level 5 in Spellcasting
  5811 | D:5      | Noticed a yak
  5825 | D:5      | Noticed a yak
  5825 | D:5      | Noticed a yak
  5826 | D:5      | Noticed a yak
  5836 | D:5      | Killed a yak
  5844 | D:5      | Killed a yak
  5845 | D:5      | Killed a yak
  5846 | D:5      | Reached XP level 9. HP: 77/89 MP: 8/18
  5997 | D:5      | Noticed a hornet
  6003 | D:5      | Paralysed by a hornet for 2 turns
  6007 | D:5      | Killed a hornet
  6726 | D:6      | Reached skill level 1 in Conjurations
  6897 | D:6      | Found Maceices's Armour Shop.
  6953 | D:6      | Reached skill level 5 in Dodging
  7191 | D:6      | Noticed Duvessa
  7192 | D:6      | Noticed Dowan
  7204 | D:6      | Killed Duvessa
  7262 | D:6      | Killed Dowan
  7387 | D:6      | Found a staircase to the Ecumenical Temple.
  7415 | Temple   | Entered the Ecumenical Temple
  7610 | Temple   | Became a worshipper of Vehumet
  8069 | D:6      | Reached skill level 6 in Ice Magic
  8178 | D:6      | Noticed Prince Ribbit
  8532 | D:6      | Killed Prince Ribbit
  8899 | D:7      | Reached XP level 10. HP: 91/102 MP: 21/21
  9398 | D:7      | Noticed Pikel
  9441 | D:7      | Killed Pikel
  9588 | D:7      | Noticed a cyclops
  9599 | D:7      | Killed a cyclops
  9600 | D:7      | Reached skill level 5 in Stealth
 10495 | D:8      | Reached * piety under Vehumet
 10495 | D:8      | Offered knowledge of Magic Dart by Vehumet.
 11654 | D:9      | Noticed a two-headed ogre
 11674 | D:9      | Killed a two-headed ogre
 11675 | D:9      | Reached XP level 11. HP: 31/111 MP: 18/24
 12476 | D:9      | Noticed a two-headed ogre
 13171 | D:9      | Reached skill level 7 in Ice Magic
 13376 | D:9      | Killed a two-headed ogre
 13708 | D:9      | Noticed a green ugly thing
 13827 | D:9      | Identified 3 scrolls of acquirement
 13827 | D:9      | Acquired 612 gold pieces
 13828 | D:9      | Acquired the Grimoire of Ice
 13829 | D:9      | Acquired 1060 gold pieces
 14149 | D:9      | Reached skill level 5 in Maces & Flails
 14410 | D:9      | Noticed a two-headed ogre
 14411 | D:9      | Noticed a purple ugly thing
 14412 | D:9      | Noticed a two-headed ogre
 14415 | D:9      | Killed a purple ugly thing
 14419 | D:9      | Identified the ring "Quevol" {Contam rF- rN+ AC+4 Dex+8}
 14419 | D:9      | Noticed a deep elf pyromancer
 14420 | D:9      | Identified the ring of Uduphymmer {EV+4 Int+6}
 14420 | D:9      | Noticed a deep elf pyromancer
 14423 | D:9      | Killed a purple ugly thing
 14424 | D:9      | Killed a two-headed ogre
 14425 | D:9      | Reached skill level 10 in Spellcasting
 14677 | D:9      | Killed a two-headed ogre
 14742 | D:9      | Killed a deep elf pyromancer
 14835 | D:9      | Noticed a manticore
 14844 | D:9      | Killed a manticore
 14847 | D:9      | Killed a deep elf pyromancer
 14923 | D:9      | Identified the ring of Pilit {rF+ rN+ Dex+6 Slay-6}
 14934 | D:9      | Identified the ring "Zuta" {rPois Slay+2 SInv}
 15079 | D:10     | Entered Level 10 of the Dungeon
 15153 | D:10     | Reached XP level 12. HP: 99/123 MP: 23/26
 15156 | D:10     | Reached ** piety under Vehumet
 15156 | D:10     | Offered knowledge of Shock by Vehumet.
 15519 | D:10     | Offered knowledge of Poisonous Vapours by Vehumet.
 16180 | D:10     | Reached skill level 5 in Conjurations
 16565 | D:10     | Found a basalt altar of Yredelemnul.
 16716 | D:10     | Noticed a death yak
 16717 | D:10     | Noticed a death yak
 16719 | D:10     | Noticed a death yak
 16741 | D:10     | Killed a death yak
 16751 | D:10     | Reached *** piety under Vehumet
 17040 | D:10     | Found a staircase to the Orcish Mines.
 17202 | D:10     | Found a staircase to the Lair.
 17407 | D:10     | Killed a death yak
 17408 | D:10     | Reached skill level 10 in Fighting
 17408 | D:10     | Reached skill level 8 in Ice Magic
 17412 | D:10     | Killed a death yak
 18138 | Orc:1    | Entered Level 1 of the Orcish Mines
 18195 | Orc:2    | Entered Level 2 of the Orcish Mines
 18418 | Orc:1    | Offered knowledge of Olgreb's Toxic Radiance by Vehumet.
 18431 | Orc:1    | Learned a level 7 spell: Ozocubu's Refrigeration
 18962 | Orc:2    | HP: 5/126 [orc knight/bolt (3)]
 19425 | Lair:1   | Entered Level 1 of the Lair of Beasts
 20930 | Lair:2   | Reached XP level 13. HP: 88/133 MP: 6/28
 21194 | Lair:2   | Reached **** piety under Vehumet
 21213 | Lair:2   | Offered knowledge of Freezing Cloud by Vehumet.
 21220 | Lair:2   | Learned a level 5 spell: Freezing Cloud
 21454 | Lair:2   | Reached skill level 1 in Air Magic
 21454 | Lair:2   | Found a hole to the Spider Nest.
 22091 | Lair:2   | Found a staircase to the Shoals.
 22691 | Lair:3   | Identified the +7 war axe of Foul Odours {protect, Will+}
 22736 | Lair:3   | Reached skill level 9 in Ice Magic
 23404 | Lair:4   | Reached ***** piety under Vehumet
 23413 | Lair:4   | Offered knowledge of Conjure Ball Lightning by Vehumet.
 23426 | Lair:4   | Learned a level 6 spell: Conjure Ball Lightning
 23467 | Lair:4   | Reached XP level 14. HP: 125/143 MP: 23/30
 23550 | Lair:4   | Found a dark tunnel.
 23567 | Volcano  | Entered a volcano
 23869 | Volcano  | Found a bloodstained altar of Trog.
 25934 | Lair:5   | Noticed Urug
 25942 | Lair:5   | Killed Urug
 26539 | Lair:6   | Entered Level 6 of the Lair of Beasts
 26675 | Lair:6   | Reached skill level 5 in Air Magic
 26739 | Lair:6   | Found a runed translucent gate.
 26740 | Lair:6   | Found a runed translucent gate.
 26741 | Lair:6   | Found a runed translucent gate.
 26754 | Lair:6   | Reached skill level 10 in Ice Magic
 26756 | Lair:6   | Offered knowledge of Eringya's Noxious Bog by Vehumet.
 27234 | Lair:6   | Found a staircase to the Slime Pits.
 27656 | Lair:6   | Reached XP level 15. HP: 122/149 MP: 16/31
 27893 | Lair:6   | Found a large runed translucent door.
 27894 | Lair:6   | Found a large runed translucent door.
 28189 | Lair:6   | Reached skill level 10 in Dodging
 28541 | Lair:6   | Noticed shugdite's ghost (journeyman MiFi)
 28541 | Lair:6   | Noticed funkygono's ghost (journeyman MiBe)
 29197 | Orc:2    | Found a staircase to the Elven Halls.
 29531 | Orc:2    | Found Fonok's Distillery.
 29533 | Orc:2    | Found Jasypofiqe's Magic Scroll Emporium.
 29543 | Orc:2    | Found Ufan's Distillery.
 29543 | Orc:2    | Found Umna's Distillery.
 29561 | Orc:2    | Bought a potion of curing for 39 gold pieces
 29561 | Orc:2    | Bought a potion of lignification for 39 gold pieces
 29561 | Orc:2    | Bought a potion of flight for 39 gold pieces
 29561 | Orc:2    | Bought a potion of lignification for 39 gold pieces
 29561 | Orc:2    | Bought a potion of haste for 130 gold pieces
 29561 | Orc:2    | Bought a potion of ambrosia for 104 gold pieces
 29561 | Orc:2    | Bought a potion of brilliance for 52 gold pieces
 29562 | Orc:2    | Bought a potion of haste for 140 gold pieces
 29562 | Orc:2    | Bought a potion of haste for 140 gold pieces
 29562 | Orc:2    | Bought a potion of brilliance for 56 gold pieces
 29563 | Orc:2    | Bought a scroll of teleportation for 48 gold pieces
 29563 | Orc:2    | Bought a scroll of identify for 32 gold pieces
 29563 | Orc:2    | Bought a scroll of identify for 32 gold pieces
 29563 | Orc:2    | Bought a scroll of brand weapon for 320 gold pieces
 29563 | Orc:2    | Bought a scroll of fog for 32 gold pieces
 29563 | Orc:2    | Bought a scroll of holy word for 120 gold pieces
 29563 | Orc:2    | Bought a scroll of immolation for 56 gold pieces
 29564 | Orc:2    | Bought a potion of invisibility for 112 gold pieces
 29564 | Orc:2    | Bought a potion of invisibility for 112 gold pieces
 29564 | Orc:2    | Bought a potion of brilliance for 56 gold pieces
 29564 | Orc:2    | Bought a potion of might for 56 gold pieces
 29564 | Orc:2    | Bought a potion of curing for 42 gold pieces
 29564 | Orc:2    | Bought 2 potions of curing for 84 gold pieces
 29564 | Orc:2    | Bought a potion of attraction for 42 gold pieces
 30516 | Orc:2    | Bought 2 potions of resistance for 280 gold pieces
 30520 | Orc:2    | Bought a potion of berserk rage for 70 gold pieces
 30520 | Orc:2    | Bought a potion of invisibility for 112 gold pieces
 30520 | Orc:2    | Bought a potion of mutation for 112 gold pieces
 30520 | Orc:2    | Bought a potion of curing for 42 gold pieces
 30520 | Orc:2    | Bought 2 potions of curing for 84 gold pieces
 30520 | Orc:2    | Bought a potion of curing for 42 gold pieces
 31196 | D:11     | Found a runed translucent door.
 32957 | D:12     | Offered knowledge of Spellforged Servitor by Vehumet.
 32963 | D:12     | Learned a level 4 spell: Summon Ice Beast
 33010 | D:12     | Noticed Fannar
 33014 | D:12     | Killed Fannar
 33743 | D:13     | Found a gate to the Vaults.
 33745 | D:13     | Cast into level 2 of the Abyss (a wizard)
 33857 | Abyss:2  | Noticed a lich
 33874 | Abyss:2  | Killed a lich
 33883 | D:13     | Escaped the Abyss
 34255 | D:13     | Found a stormy altar of Qazlal.
 34451 | D:13     | Acquired a +0 demon whip of venom
 34516 | D:13     | Reached skill level 10 in Maces & Flails
 34590 | D:13     | Reached skill level 10 in Stealth
 35698 | D:14     | Reached skill level 10 in Conjurations
 35706 | D:14     | Reached XP level 16. HP: 119/158 MP: 30/32
 36767 | D:15     | Entered Level 15 of the Dungeon
 36872 | D:15     | Got Gell's Compendium of the Voyage
 37460 | D:15     | Reached skill level 10 in Air Magic
 37699 | D:15     | Found a shadowy altar of Dithmenos.
 38397 | D:15     | Found a staircase to the Depths.
 38403 | Depths:1 | Entered Level 1 of the Depths
 38410 | Depths:1 | You fall into a shaft and drop 1 floor!
 38435 | Depths:1 | Identified the +6 flail of Royalism {flame, Str+3}
 38649 | Depths:1 | Reached skill level 11 in Ice Magic
 38672 | Depths:1 | Got Goggidd's Almanac of Venom
 39075 | Depths:1 | Found a gateway to Hell.
 39299 | Shoals:1 | Entered Level 1 of the Shoals
 39845 | Shoals:1 | Reached skill level 12 in Ice Magic
 39868 | Shoals:1 | Offered knowledge of Lightning Bolt by Vehumet.
 40228 | Shoals:1 | Identified Roxanne's Almanac of Shape Shifting
 40228 | Shoals:1 | Noticed Roxanne
 41326 | Shoals:2 | Reached skill level 13 in Ice Magic
 41749 | Shoals:2 | Reached XP level 17. HP: 160/166 MP: 29/33
 41874 | Shoals:2 | Found a runed translucent door.
 41914 | Shoals:2 | Noticed Donald
 42280 | Shoals:2 | Killed Donald
 42649 | Shoals:3 | Reached skill level 14 in Ice Magic
 43000 | Shoals:3 | Identified the +4 plate armour "Dohun" {rElec Regen+}
 43825 | Shoals:4 | Entered Level 4 of the Shoals
 44462 | Shoals:4 | Offered knowledge of Fireball by Vehumet.
 44499 | Shoals:4 | Learned a level 5 spell: Fireball
 45090 | Shoals:4 | Found the +9 heavy crossbow "Sniper" {vorpal, Acc+∞ SInv}
 45806 | Shoals:4 | Noticed Polyphemus
 45865 | Shoals:4 | Noticed Louise
 46053 | Shoals:4 | Killed Louise
 46677 | Shoals:4 | Got a barnacled rune of Zot
 47217 | Spider:1 | Entered Level 1 of the Spider Nest
 47217 | Spider:1 | Noticed Kirke
 47221 | Spider:1 | Killed Kirke
 47328 | Lair:2   | Reached XP level 18. HP: 158/175 MP: 33/36
 47626 | Spider:1 | Reached skill level 15 in Ice Magic
 47676 | Spider:1 | Noticed Josephine
 47682 | Spider:1 | Killed Josephine
 48243 | Spider:2 | Noticed Asterion
 48987 | Spider:2 | Reached ****** piety under Vehumet
 49574 | Spider:2 | Reached skill level 15 in Spellcasting
 49584 | Spider:2 | Learned a level 9 spell: Polar Vortex
 49611 | Spider:2 | Killed Asterion
 51223 | Spider:3 | Reached skill level 16 in Ice Magic
 52089 | Spider:4 | Entered Level 4 of the Spider Nest
 52383 | Spider:4 | Offered knowledge of Irradiate by Vehumet.
 52708 | Spider:4 | Reached XP level 19. HP: 165/191 MP: 38/38
 54789 | Spider:4 | Reached skill level 17 in Ice Magic
 54903 | Spider:4 | Identified the +0 hat of Indecent Exposure {rC+ Dex+2}
 54912 | Spider:4 | Got a gossamer rune of Zot
 55205 | Elf:1    | Entered Level 1 of the Elven Halls
 55619 | Elf:1    | Noticed Nikola
 55633 | Elf:1    | Killed Nikola
 55982 | Elf:1    | Offered knowledge of Iron Shot by Vehumet.
 56947 | Elf:2    | Found Ugaahoq's Magic Scroll Shoppe.
 56951 | Elf:2    | Bought a scroll of enchant armour for 97 gold pieces
 56951 | Elf:2    | Bought a scroll of blinking for 97 gold pieces
 56951 | Elf:2    | Bought a scroll of blinking for 97 gold pieces
 56951 | Elf:2    | Bought a scroll of immolation for 45 gold pieces
 56951 | Elf:2    | Bought a scroll of enchant weapon for 97 gold pieces
 56951 | Elf:2    | Bought a scroll of summoning for 123 gold pieces
 57364 | Elf:2    | Noticed a Brimstone Fiend
 57638 | Elf:2    | Found a huge runed translucent gate.
 57638 | Elf:2    | Found a huge runed translucent gate.
 57638 | Elf:2    | Found a huge runed translucent gate.
 57638 | Elf:2    | Found a huge runed translucent gate.
 57639 | Elf:2    | Found a huge runed translucent gate.
 57853 | Elf:2    | Reached skill level 18 in Ice Magic
 58152 | Elf:2    | Reached XP level 20. HP: 208/208 MP: 27/39
 58618 | Elf:2    | Reached skill level 15 in Fighting
 58933 | Elf:3    | Entered Level 3 of the Elven Halls
 59403 | Elf:3    | Cast into level 4 of the Abyss (a deep elf sorcerer)
 59739 | Abyss:4  | Noticed a bone dragon
 59739 | Abyss:4  | Noticed a bone dragon
 59789 | Abyss:4  | Found a corrupted altar of Lugonu.
 59856 | Abyss:4  | Noticed a bone dragon
 59872 | Abyss:5  | Entered Level 5 of the Abyss
 59949 | Elf:3    | Escaped the Abyss
 60067 | Elf:3    | Cast into level 3 of the Abyss (a deep elf sorcerer)
 60080 | Elf:3    | Escaped the Abyss
 60279 | Elf:3    | Reached skill level 19 in Ice Magic
 60604 | Elf:3    | Offered knowledge of Fire Storm by Vehumet.
 60604 | Elf:3    | Offered knowledge of Chain Lightning by Vehumet.
 60604 | Elf:3    | Offered knowledge of Maxwell's Capacitive Coupling by
                  | Vehumet.
 60634 | Elf:3    | Killed from afar by a deep elf annihilator

Illustrated notes

Levels and vault maps discovered:
D:1:      mushboom_english_gardens, layout_loops_ring,
          chequers_serial_rivers_marsh, minmay_hexomino_p4
D:2:      layout_basic, minmay_cupped, uniq_terence
D:3:      kennysheep_the_goblin_king, layout_loops_corners, minmay_diced_spiral
D:4:      layout_rooms, mrwooster_statue_mirror
D:5:      layout_basic, portal_sewer_entry_a, minmay_tree_intersection,
          supply_closet_lemuel
D:6:      layout_basic, minmay_temple_entry_grid, serial_shops, shop,
          serial_bayou_crossing, uniq_duvessa, uniq_prince_ribbit1
D:7:      layout_basic, serial_bayou, serial_bayou_shore_b, serial_bayou_pond_c,
          serial_bayou_pond_e, serial_bayou_shore_b, serial_bayou_pond_c,
          serial_bayou_ford_a, minmay_misc_feat_chi, uniq_pikel
D:8:      layout_loops_ring, minmay_misc_feat_hallway, minmay_misc_feat_room
D:9:      minmay_the_grid_triangle_9x9_rhombus_full
          [minmay_the_grid_triangle_9x9_limited_checkers,
          minmay_the_grid_triangle_9x9_swiss_cheese,
          minmay_the_grid_triangle_9x9_cache,
          minmay_the_grid_triangle_9x9_shrine,
          minmay_the_grid_triangle_9x9_dagger,
          minmay_the_grid_triangle_9x9_wacky_v,
          minmay_the_grid_triangle_9x9_impossible_snake,
          minmay_the_grid_triangle_9x9_prize_special], layout_stronghold
D:10:     layout_basic, lemuel_mausoleum_altar_yredelemnul, dpeg_lair_monsters,
          erik_orc_2, lemuel_old_faithful
D:11:     dragon1_lemuel, layout_layer_cave, minivault_13
D:12:     layout_rooms, uniq_fannar
D:13:     layout_irregular_city, david_vaults_1,
          nicolae_qazlal_scattered_showers
D:14:     layout_basic, serial_bayou_shore_a
D:15:     grunt_enter_depths_snipers, layout_small_grid,
          nicolae_dithmenos_the_darkroom, minmay_misc_feat_alley
Temple:   mainiacjoe_temple_starburst
Lair:1:   minmay_lair_oklob_chamber, layout_long_grid, lemuel_fruit_tree,
          lemuel_fruit_fields
Lair:2:   layout_regular_city, minmay_shoals_entry_lonely_mermaid,
          nicolae_spider_entry_tight_spaces, serial_bayou_shore_b,
          grunt_megastairs_1
Lair:3:   layout_big_grid, grunt_megastairs_5
Lair:4:   layout_cave_pods, enter_volcano_2, minivault_11, grunt_megastairs_4
Lair:5:   layout_small_grid, uniq_urug
Lair:6:   cheibrodos_lair_end_hotspot, layout_gridlike,
          minmay_slime_entry_pillars, gammafunk_ghost_cemetery
Shoals:1: layout_shoals, nicolae_shoals_aquamancer_cove, uniq_roxanne
Shoals:2: layout_shoals, lightli_airlock, uniq_donald
Shoals:3: layout_shoals
Shoals:4: shoals_end_grunt_garden, layout_shoals, uniq_polyphemus, uniq_louise
Spider:1: nicolae_spider_mines_2, uniq_kirke, uniq_josephine
Spider:2: layout_spider_delve, guppyfry_spider_mini_1, uniq_asterion
Spider:3: layout_spider_delve
Spider:4: hellmonk_spider_rune_endless_swarm, drop_trap
Orc:1:    layout_diamond_mine, basic_altar
Orc:2:    st_orc_mages, layout_caves
Elf:1:    layout_rooms, hangedman_elven_crosses_minicolossus, uniq_nikola
Elf:2:    elven_hall_of_blades_hangedman_alternative [nicolae_blade_lattice],
          layout_geoelf_octagon, serial_shops, nicolae_shop_trees, special_room
          [special_room_orc]
Elf:3:    nooodl_elf_gasket, layout_loops_cross, minmay_misc_feat_five,
          drop_trap, minivault_20
Depths:1: layout_small_grid, hell_entry, serial_hangedman_research,
          hangedman_research_metamorphosis, hangedman_research_electronics,
          hangedman_research_quantum, hangedman_research_toxicology,
          hangedman_research_probablistics, nicolae_wu_jian_immortal_techniques
Depths:2: minmay_bad_star, layout_cave_pools, enter_ziggurat_c, hell_entry,
          grunt_pan_entry_zigzag, fedhas_altar_4, minmay_strange_pillars,
          nicolae_burly_brawl

Skill      XL: |  1  2  3  4  5  6  7  8  9 10 11 12 13 14 15 16 17 18 19 20 |
---------------+-------------------------------------------------------------+-----
Fighting       | 1 2 3 4 6 7 8 9 10 12 14 15 | 15.0
Dodging        | 2 3 4 5 6 7 8 9 10 11 12 13 | 13.7
Spellcasting   | 3 4 6 7 9 10 11 12 14 15 | 15.0
Stealth        | 2 3 4 5 6 7 8 10 | 10.0
Ice Magic      | 4 5 6 7 8 9 10 13 14 16 18 19 | 19.5
Maces & Flails | 2 3 4 5 6 7 8 10 | 10.0
Conjurations   | 2 3 4 5 7 8 10 | 10.0
Air Magic      | 3 5 7 10 | 10.0

Action                   |  1- 3 |  4- 6 |  7- 9 | 10-12 | 13-15 | 16-18 | 19-21 || total
-------------------------+-------+-------+-------+-------+-------+-------+-------++-------
Melee: Unarmed           |    12 |       |       |       |       |       |       ||    12
       Whip              |    17 |    68 |       |       |       |       |       ||    85
       Short sword       |       |     4 |    18 |       |       |       |       ||    22
       Quarterstaff      |       |       |   145 |   451 |     9 |       |       ||   605
       Punch             |       |       |     1 |       |       |       |       ||     1
       Giant spiked club |       |       |       |       |   298 |   299 |   265 ||   862
 Cast: Freeze            |    38 |    39 |    18 |    48 |     5 |       |     1 ||   149
       Frozen Ramparts   |       |     7 |    26 |    45 |    14 |    11 |     3 ||   106
       Ozocubu's Armour  |       |     5 |    14 |    67 |    32 |    25 |     5 ||   148
       Hailstorm         |       |       |     1 |    23 |     3 |     5 |     1 ||    33
       Freezing Cloud    |       |       |       |       |   153 |   161 |    44 ||   358
       Conjure Ball Ligh |       |       |       |       |     3 |    32 |     1 ||    36
       Summon Ice Beast  |       |       |       |       |       |     7 |       ||     7
       Ozocubu's Refrige |       |       |       |       |       |    88 |   142 ||   230
       Fireball          |       |       |       |       |       |    10 |       ||    10
  Use: Scroll            |       |       |       |    30 |     8 |     7 |     7 ||    52
       Potion            |       |       |       |       |     4 |     7 |       ||    11
 Stab: Sleeping          |       |     3 |    10 |     8 |     9 |     9 |     9 ||    48
       Distracted        |       |       |       |     1 |     1 |     7 |     7 ||    16
Armor: Robe              |    11 |    31 |    62 |   200 |    76 |    64 |    22 ||   466
       Troll leather arm |       |       |       |       |       |     7 |    63 ||    70
Dodge: Dodged            |    28 |    57 |   170 |   370 |   265 |   354 |   252 ||  1496
